 Dungeon Crawl Stone Soup version 0.16-a0-4020-g6ff35b5 (console) character file.

425 MrRokkomies the Digger (level 6, -4/36 HPs)
             Began as an Octopode Earth Elementalist on Feb 17, 2015.
             Was a Follower of Dithmenos.
             Slain by an orc
             ... wielding a +0 trident
              (5 damage)
             ... on level 5 of the Dungeon.
             The game lasted 00:25:12 (4058 turns).

MrRokkomies the Digger (OpEE)                       Turns: 4058, Time: 00:25:12

Health: -4/36      AC:  3    Str:  7    XL:     6   Next: 96%
Magic:  0/10       EV: 12    Int: 20    God:    Dithmenos [*.....]
Gold:   177        SH:  0    Dex: 12    Spells: 3 memorised, 3 levels left

rFire  . . .     SeeInvis .     a - +0 short sword
rCold  . . .     Clarity  .     (no shield)
rNeg   + . .     SustAb   .     (helmet restricted)
rPois  .         Gourm    .     u - amulet of warding
rElec  .         Spirit   .     (no ring)
rCorr  .         Warding  +     (no ring)
rMut   .         Stasis   .     (no ring)
MR     .....                    (no ring)
Stlth  +++++.....               (no ring)
                                (no ring)
                                (no ring)
                                (no ring)

@: stone skin, wreathed by umbra, not resistant to hostile enchantments, quite
stealthy
A: almost no armour, amphibious, 8 rings, constrict 8, camouflage 1, gelatinous
body 1
a: Renounce Religion


You were on level 5 of the Dungeon.
You worshipped Dithmenos.
Dithmenos was aware of your devotion.
You were hungry.

You visited 2 branches of the dungeon, and saw 6 of its levels.

You collected 177 gold pieces.

Inventory:

Hand weapons
 a - a +0 short sword (weapon)
Missiles
 b - 60 stones (quivered)
 p - a throwing net
Jewellery
 s - an uncursed amulet of rage
 u - an amulet of warding (around mantle)
Scrolls
 h - a scroll of enchant armour
 k - a scroll of remove curse
 r - 2 scrolls of magic mapping
Potions
 e - a potion of flight
 g - 2 potions of curing
 i - a potion of brilliance {unknown}
 l - a potion of restore abilities {unknown}
 m - a potion of lignification {unknown}
 n - 2 potions of poison {unknown}
 o - 2 potions of heal wounds {unknown}
Books
 d - a book of Geomancy

   Spells                             Type                      Level
   a - Sandblast                      Earth                        1
   b - Stoneskin                      Transmutation/Earth          2
   c - Passwall                       Transmutation/Earth          3
   d - Stone Arrow                    Conjuration/Earth            3
   e - Petrify                        Transmutation/Earth          4
   f - Lee's Rapid Deconstruction     Earth                        5
 q - a book of Conjurations

   Spells                             Type                      Level
   a - Magic Dart                     Conjuration                  1
   b - Searing Ray                    Conjuration                  2
   c - Dazzling Spray                 Conjuration/Hexes            3
   d - Fulminant Prism                Conjuration/Hexes            4
   e - Iskenderun's Mystic Blast      Conjuration                  4
   f - Iskenderun's Battlesphere      Conjuration/Charms           5
Comestibles
 c - 4 bread rations
 f - 2 beef jerkies
 j - a royal jelly
 t - 3 fruits


   Skills:
 - Level 2.0 Dodging
 + Level 4.9 Stealth
 - Level 2.0 Spellcasting
 * Level 3.1 Conjurations
 - Level 1.0 Transmutations
 * Level 6.0 Earth Magic


You had 3 spell levels left.
You knew the following spells:

 Your Spells              Type           Power        Failure   Level  Hunger
a - Sandblast             Erth           ####..       1%          1    #......
b - Stoneskin             Trmt/Erth      ###.....     6%          2    ##.....
c - Stone Arrow           Conj/Erth      ###...       10%         3    ###....


Dungeon Overview and Level Annotations

Branches:
Dungeon (5/15)             Temple (1/1) D:4

Altars:
Ashenzari
Cheibriados
Dithmenos
Elyvilon
Fedhas
Gozag
Kikubaaqudgha
Nemelex Xobeh
Okawaru
Qazlal
Ru
Sif Muna
Vehumet
Xom
Yredelemnul
Zin
The Shining One

Shops:
D:5 }

Annotations:
D:4 exclusion: statue, Charly's ghost, average HESk


Innate Abilities, Weirdness & Mutations

You cannot wear most types of armour.
You are amphibious.
You can wear up to eight rings at the same time.
You can use your tentacles to constrict many enemies at once.
Your skin changes colour to match your surroundings (Stealth).
Your rubbery body absorbs attacks (AC +1).


Message History

The orc warrior is lightly wounded.
The orc barely misses you. The orc warrior completely misses you.
Casting: Sandblast
Confirm with . or Enter, or press ? or * to list all spells.
Aiming: Stone Arrow
Press: ? - help, Shift-Dir - straight line, f/p - orc warrior
Aim: an orc warrior, wielding a hand axe and wearing a plate armour (lightly wounded, umbra)
The stone arrow hits the orc warrior.
The orc warrior is moderately wounded.
The orc hits you with a trident!
a - a +0 short sword (weapon)
The orc warrior hits you with a hand axe.
The orc misses you.
You barely miss the orc warrior. Your grab misses the orc warrior.
You squeeze the orc warrior, but do no damage.
The orc warrior is moderately wounded.
The orc warrior hits you with a hand axe!
* * * LOW HITPOINT WARNING * * *
The orc hits you with a trident.
You die...

#. ...# #.## ...# #..#
#..##### ...## #..# #...#..#
.....# #..#### ##......#
......## ##..<..####.......#
.......###.................###
#......#......#..............
#.............###............
#...........###.............
#..........@o........#>.....
##...........o..###..##......
##...###.....##### #..##......
#...## ##...## #..##......
7.....## #...# #..##......
7..... ##..# ###.###.....#
≈..... ##.## ###...##......#
7..... #..###.....##.....##
...... ##..##.....#......##
..... #..##.._..........# ....
##............####.


You could see an orc warrior and an orc.

Vanquished Creatures
  A jelly (D:4)
  A crimson imp (D:5)
  2 hounds
  An orc wizard (D:4)
  A killer bee zombie (D:5)
  2 worker ants
  Ijyb (D:4)
  7 adders
  A giant mite (D:2)
  3 worms
  A giant gecko (D:1)
  2 oozes
  10 orcs
  A ball python (D:2)
  3 giant cockroaches
  7 goblins
  11 hobgoblins
  5 jackals
  7 bats
  6 giant newts
  6 kobolds
  13 rats
92 creatures vanquished.

Notes
Turn   | Place    | Note
--------------------------------------------------------------
     0 | D:1      | MrRokkomies, the Octopode Earth Elementalist, began the quest for the Orb.
     0 | D:1      | Reached XP level 1. HP: 11/11 MP: 3/3
   145 | D:1      | Reached XP level 2. HP: 7/17 MP: 4/4
   149 | D:1      | Learned a level 2 spell: Stoneskin
  1062 | D:2      | Reached skill level 4 in Earth Magic
  1062 | D:2      | Reached XP level 3. HP: 18/21 MP: 3/6
  1480 | D:2      | Reached XP level 4. HP: 21/27 MP: 7/7
  1484 | D:2      | Found a basalt altar of Yredelemnul.
  1547 | D:2      | Learned a level 3 spell: Stone Arrow
  2131 | D:3      | Reached skill level 1 in Conjurations
  2233 | D:3      | Reached skill level 5 in Earth Magic
  2245 | D:3      | Reached XP level 5. HP: 29/31 MP: 9/9
  2469 | D:4      | Found a staircase to the Ecumenical Temple.
  2581 | Temple   | Entered the Ecumenical Temple
  2948 | Temple   | Became a worshipper of Dithmenos the Shadowed
  3080 | D:4      | Noticed Ijyb
  3091 | D:4      | Killed Ijyb
  3119 | D:4      | Found a radiant altar of Vehumet.
  3201 | D:4      | Reached XP level 6. HP: 36/36 MP: 8/10
  3206 | D:4      | Noticed Charly's ghost (average HESk)
  3226 | D:5      | Entered Level 5 of the Dungeon
  3226 | D:5      | Found Oraaved's Gadget Shoppe.
  3240 | D:5      | Found a shimmering altar of Xom.
  3623 | D:4      | Found a white marble altar of Elyvilon.
  3806 | D:4      | Reached skill level 6 in Earth Magic
  3980 | D:4      | Found a sparkling altar of Nemelex Xobeh.
  3981 | D:4      | Found a sacrificial altar of Ru.
  4058 | D:5      | HP: 1/36 [orc warrior/hand axe (16)]
  4058 | D:5      | Slain by an orc

Action                   |  1- 3 |  4- 6 || total
-------------------------+-------+-------++-------
Melee: Dagger            |    11 |       ||    11
       Unarmed           |     5 |       ||     5
       Short sword       |    29 |    55 ||    84
 Cast: Sandblast         |    20 |    62 ||    82
       Stoneskin         |       |     4 ||     4
       Stone Arrow       |       |     3 ||     3
  Use: Scroll            |     2 |     7 ||     9
 Stab: Sleeping          |     5 |    14 ||    19
  Eat: Chunk             |     1 |     8 ||     9
       Pizza             |       |     1 ||     1
